 Dungeon Crawl Stone Soup version 0.29.0-4-gdea44cf6ec (webtiles) character file.

Game seed: 4233096889173516581

18 Zeldest the Cutter (level 2, -5/22 HPs)
             Began as a Merfolk Wanderer on Aug 27, 2022.
             Slain by a worm (8 damage)
             ... on level 2 of the Dungeon.
             The game lasted 00:01:03 (956 turns).

Zeldest the Cutter (Merfolk Wanderer)                Turns: 956, Time: 00:01:03

Health: -5/22      AC:  2    Str: 11    XL:     2   Next: 66%
Magic:  3/3        EV: 12    Int: 13    God:
Gold:   22         SH:  0    Dex: 12    Spells: 2/3 levels left

rFire   + . .      SeeInvis .   a - +2 short sword
rCold   + . .      Faith    .   (no shield)
rNeg    . . .      Spirit   .   e - +0 robe
rPois   +          Reflect  .   (no helmet)
rElec   +          Harm     .   (no cloak)
rCorr   +          Rampage  .   (no gloves)
Will    .....                   (no boots)
Stlth   +.........              (no amulet)
HPRegen 0.07/turn               (no ring)
MPRegen 0.08/turn               (no ring)

@: resistant
A: (nimble swimmer 2), mertail
a: no special abilities


You were on level 2 of the Dungeon.
You visited 1 branch of the dungeon, and saw 2 of its levels.

You collected 22 gold pieces.

Inventory:

Hand Weapons
 a - a +2 short sword (weapon)
Missiles
 b - 12 poisoned darts (quivered)
Armour
 e - a +0 robe (worn)
Scrolls
 c - 3 scrolls of identify {unknown}


   Skills:
 + Level 1.8 Fighting
 - Level 4.8 Short Blades
 + Level 1.6 Polearms
 - Level 2.0 Throwing
 + Level 0.7 Armour
 - Level 1.3 Dodging
 - Level 1.0 Spellcasting
 - Level 1.1 Ice Magic


You had 2 spell levels left.
You knew the following spells:

 Your Spells              Type           Power      Damage    Failure   Level
a - Freeze                Ice            12%        1d4       19%         1

Your spell library contained the following spells:

 Spells                   Type           Power      Damage    Failure   Level
 Frozen Ramparts          Ice            6%         1d1       47%         3
 Ozocubu's Armour         Ice            3%         N/A       47%         3
 Hailstorm                Conj/Ice       2%         3d3       92%         4


Dungeon Overview and Level Annotations

Branches:
Dungeon (2/15)

Altars:

Annotations:
D:2 Sigmund


Innate Abilities, Weirdness & Mutations

((You are very nimble when in or above water. (Stealth+, EV+, Speed+++)))
Your lower body shifts to a powerful aquatic tail in water.


Message History

There is an open door here.
A goblin is nearby!
You hit the goblin.
You kill the goblin!
Things that are here:
a +0 club; a goblin corpse A worm comes into view.
Sigmund the Dreaded comes into view.
He is wielding a +0 scythe.
There are monsters nearby!
Sigmund screams, "Don't try to resist!"
Sigmund points at you and mumbles some strange words.
The puff of flame hits you!
There are monsters nearby!
You are too injured to fight recklessly!
There are monsters nearby!
You are too injured to fight recklessly!
There are monsters nearby!
It was a potion of resistance.
You feel protected.
Sigmund points at you and mumbles some strange words.
The puff of flame hits you. You resist.
You aren't carrying any items that you can evoke.
As you read the scroll of fear, it crumbles to dust.
You assume a fearsome visage.
Sigmund looks frightened!
Sigmund mumbles some strange words.
Sigmund flickers and vanishes!
Deactivating autopickup; reactivate with Ctrl-A.
You hit the worm.
The worm is lightly wounded.
The worm bites you!
* * * LOW HITPOINT WARNING * * *
You hit the worm.
The worm is moderately wounded.
You hit the worm but do no damage.
The worm is moderately wounded.
The worm bites you but does no damage.
You barely miss the worm.
The worm is moderately wounded.
The worm bites you!
You die...

#....# #.#.# #....#
#.... ####### #....#
#.... .......#####.##
#.... ..........##[#
##... ....... #.##.#
#... .......##.##'###
#... .......w..)....#
####...
.......@................
...............#########
...............# #
...............# #
######.).......# #
########### #


You could see a worm.

Vanquished Creatures
  An orc (D:2)
  4 bats (D:1)
  An endoplasm (D:1)
  A giant cockroach (D:1)
  2 goblins
  A quokka (D:1)
  2 ball pythons (D:2)
  A frilled lizard (D:1)
  3 rats
16 creatures vanquished.

Notes
Turn   | Place    | Note
-------+----------+-------------------------------------------
     0 | D:1      | Zeldest the Merfolk Wanderer began the quest for the Orb.
     0 | D:1      | Zeldest set off with the following items: a +2 short sword,
                  | 12 poisoned darts, a +0 dagger, a scroll of fear, a +0
                  | robe; and the following spell memorised: Freeze; and the
                  | following spells available to memorise: Ozocubu's Armour.
     0 | D:1      | Reached XP level 1. HP: 15/15 MP: 2/2
   446 | D:1      | Reached skill level 1 in Polearms
   448 | D:1      | Reached XP level 2. HP: 17/21 MP: 3/3
   943 | D:2      | Noticed Sigmund
   956 | D:2      | Slain by a worm

Illustrated notes

Levels and vault maps discovered:
D:1:      amcnicky_arrival_blooded_trapdoor, layout_loops_ring
D:2:      layout_basic, uniq_sigmund

Skill      XL: |  1 |
---------------+----+-----
Polearms       | 1 |  1.6
Fighting       | |  1.8
Short Blades   | |  4.8
Throwing       | |  2.0
Armour         | |  0.7
Dodging        | |  1.3
Spellcasting   | |  1.0
Ice Magic      | |  1.1

Action                   || total
-------------------------++-------
Melee: Short sword       ||    57
  Use: Scroll            ||     1
       Potion            ||     1
Armor: Robe              ||    15
Dodge: Dodged            ||    44
